Wranglers vs Comets
Created - May 2, 2024 at 21:51
Goals
|
| Wranglers |
2 |
2 |
0 |
4 |
| Comets |
2 |
3 |
4 |
9 |
|
Shots
|
| Wranglers |
16 |
9 |
9 |
34 |
| Comets |
7 |
20 |
14 |
41 |
|
1st period
1. Wranglers , Jesper Bratt 31 (Rasmus Andersson 66, Michael Hutchinson) at 9:43
2. Wranglers , Frank Corrado 4 (Barclay Goodrow 21, Ryan Spooner 35) at 14:10
3. Comets , Valeri Nichushkin 40 (Joonas Donskoi 59, Brett Seney 57) at 18:59
4. Comets , Brett Seney 46 (Valeri Nichushkin 46) at 19:07
Penalties :
No Penalty
2nd period
5. Comets , Reid Boucher 21 (Conor Garland 27, Ilya Lyubushkin 32) at 2:25 (PP)
6. Comets , Conor Garland 39 (Reid Boucher 34, Ilya Lyubushkin 33) at 8:17
7. Comets , Brett Seney 47 (Joonas Donskoi 60) at 12:16
8. Wranglers , Barclay Goodrow 18 (Jesper Bratt 44, Frank Corrado 22) at 13:36
9. Wranglers , Peter Cehlarik 35 (Petteri Lindbohm 21, Nico Sturm 49) at 14:51
Penalties :
Ryan Spooner (Cal) for Holding (Minor) at 2:10, Ilya Lyubushkin (Uti) for Tripping (Minor) at 19:39
3rd period
10. Comets , Reid Boucher 22 (Nicolas Roy 5, Jake Bean 29) at 2:16
11. Comets , Conor Garland 40 (Reid Boucher 35) at 3:36 (PP)
12. Comets , Conor Garland 41 (Reid Boucher 36, Brett Seney 58) at 18:14
13. Comets , Brett Seney 48 (Ilya Lyubushkin 34) at 18:20
Penalties :
Christian Jaros (Cal) for Tripping (Minor) at 2:26
Goalie Stats
Joel Hofer (Cal), 19 saves from 24 shots - (0.792), L, 1-1-1, 31:43 minutes
Michael Hutchinson (Cal), 13 saves from 17 shots - (0.765), 28:17 minutes
Juuse Saros (Uti), 30 saves from 34 shots - (0.882), W, 30-20-7, 60:00 minutes
Players Stats for Wranglers
Player Name G A P +/- PIM S H SB GA TA FO MP PP MP PK MP
------------------------------------------------------------------------------------
Barclay Goodrow 1 1 2 1 0 4 2 1 0 1 0/0 18:57 0:49 1:25
Brandon Hickey 0 0 0 -1 0 1 0 1 0 0 0/0 16:54 0:00 0:15
Christian Jaros 0 0 0 0 2 1 1 1 0 1 0/0 12:17 0:00 0:15
Eric Karlsson 0 0 0 1 0 1 1 1 0 1 0/0 11:00 0:00 0:00
Erik Brannstrom 0 0 0 1 0 0 1 2 0 1 0/0 18:12 1:05 0:00
Evgeny Svechnikov 0 0 0 -3 0 4 3 2 0 0 1/1 20:49 1:10 0:00
Frank Corrado 1 1 2 0 0 4 3 2 0 0 0/0 18:39 0:54 0:00
Jesper Bratt 1 1 2 1 0 3 3 0 2 0 1/1 17:48 1:10 0:00
Nico Sturm 0 1 1 -3 0 2 2 2 0 0 13/40 20:49 1:10 0:00
Peter Cehlarik 1 0 1 -3 0 5 4 2 0 0 4/6 21:04 0:00 1:25
Petteri Lindbohm 0 1 1 -4 0 0 0 4 0 1 0/0 29:30 0:54 1:10
Rasmus Andersson 0 1 1 -2 0 2 2 3 0 1 0/0 24:27 1:05 1:10
Ryan Donato 0 0 0 1 0 0 0 0 0 0 1/3 11:54 0:49 0:00
Ryan Spooner 0 1 1 1 2 3 2 0 0 0 10/19 17:31 0:49 0:00
Tage Thompson 0 0 0 -2 0 0 0 0 0 0 0/0 9:14 0:00 0:00
Taylor Raddysh 0 0 0 1 0 2 0 0 0 1 0/0 11:00 0:00 0:00
Vitali Kravtsov 0 0 0 -2 0 1 0 0 0 0 0/0 9:14 0:00 0:00
Vladislav Kamenev 0 0 0 -2 0 1 0 0 0 0 0/2 9:14 0:00 0:00
Players Stats for Comets
Player Name G A P +/- PIM S H SB GA TA FO MP PP MP PK MP
------------------------------------------------------------------------------------
Alexandre Texier 0 0 0 0 0 3 0 0 0 0 0/0 11:22 0:00 0:00
Brett Howden 0 0 0 -1 0 1 0 1 0 0 4/8 10:25 0:00 0:00
Brett Seney 3 2 5 2 0 7 0 0 0 0 22/33 20:28 0:39 1:21
Christian Wolanin 0 0 0 1 0 1 1 0 0 0 0/0 22:34 1:25 1:31
Conor Garland 3 1 4 1 0 7 2 1 1 0 0/0 16:29 0:46 0:00
Cristiano Digiacinto 0 0 0 -1 0 2 0 0 0 0 0/0 10:25 0:00 0:00
Eeli Tolvanen 0 0 0 0 0 1 0 0 0 0 0/0 11:22 0:00 0:00
Filip Roos 0 0 0 1 0 0 0 0 0 0 0/0 4:52 0:00 0:00
Ilya Lyubushkin 0 3 3 2 2 2 5 4 1 0 0/0 25:56 1:25 0:00
Jake Bean 0 1 1 0 0 1 0 2 0 0 0/0 18:05 0:00 0:28
Jonny Brodzinski 0 0 0 -1 0 1 3 0 0 0 1/1 10:25 0:00 0:00
Joonas Donskoi 0 2 2 2 0 4 1 0 1 0 1/3 19:07 0:39 0:00
Marcus Bjork 0 0 0 1 0 2 1 1 0 1 0/0 16:00 0:00 1:31
Mason Marchment 0 0 0 1 0 1 1 1 0 0 2/2 17:02 0:46 0:33
Nicolas Roy 0 1 1 1 0 1 0 1 1 0 1/5 12:05 0:00 0:05
Reid Boucher 2 3 5 2 0 6 3 0 3 0 10/19 17:38 0:46 0:33
Valeri Nichushkin 1 1 2 3 0 1 2 0 0 0 1/1 21:11 0:39 1:26
Vincent Desharnais 0 0 0 1 0 0 2 1 0 0 0/0 14:29 0:00 0:00
Wyatt Kalynuk 0 0 0 0 0 0 0 0 0 1 0/0 18:05 0:00 0:28
3 Stars
1 - Brett Seney (Uti)
2 - Reid Boucher (Uti)
3 - Conor Garland (Uti)
Power Play
Wranglers - 0 on 1 Attempt(s) - 0.00%
Comets - 2 on 2 Attempt(s) - 100.00%
Penalty Kill
Wranglers - 0 on 2 Attempt(s) - 0.00%
- Score 0 goal in Penalty Kill
Comets - 1 on 1 Attempt(s) - 100.00%
- Score 0 goal in Penalty Kill
Team Stat
Wranglers - Hits : 24 - Faceoff Wins : 30 - Blocked Shots : 21 - Penalty Minutes : 4
Comets - Hits : 21 - Faceoff Wins : 42 - Blocked Shots : 12 - Penalty Minutes : 2
Official
Referees : Ian Walsh and Jon McIsaac
Linesman : Ryan Daisy and Jesse Marquis
Game Notes
Joel Hofer enters game at 8:17 of 2nd period
Conor Garland has scored a Hat Trick!
Brett Seney has scored a Hat Trick!
Finance
Level 1 -- Attendance: 1947 (97.35%) -- Ticket Income $136,290
Level 2 -- Attendance: 893 (89.30%) -- Ticket Income $35,720
Total Attendance: 2840 (94.67%)
Total Ticket Income: $172,010
Other Income: $8,600
Total Income: $180,610
Wranglers
5 vs 5 Forward
Center Left Wing Right Wing Time % Phy DF OF
1 Nico Sturm Peter Cehlarik Evgeny Svechnikov 40 1 2 2
2 Ryan Spooner Jesper Bratt Barclay Goodrow 30 1 2 2
3 Ryan Donato Eric Karlsson Taylor Raddysh 20 1 2 2
4 Vladislav Kamenev Vitali Kravtsov Tage Thompson 10 1 2 2
5 vs 5 Defense
Defense Defense Time % Phy DF OF
1 Petteri Lindbohm Rasmus Andersson 40 1 2 2
2 Erik Brannstrom Frank Corrado 30 1 2 2
3 Christian Jaros Brandon Hickey 20 1 2 2
4 Petteri Lindbohm Brandon Hickey 10 1 2 2
PowerPlay Forward
Center Left Wing Right Wing Time % Phy DF OF
1 Nico Sturm Jesper Bratt Evgeny Svechnikov 60 1 2 2
2 Ryan Spooner Ryan Donato Barclay Goodrow 40 1 2 2
PowerPlay Defense
Defense Defense Time % Phy DF OF
1 Erik Brannstrom Rasmus Andersson 60 1 2 2
2 Petteri Lindbohm Frank Corrado 40 1 2 2
Penalty Kill 4 Players Forward
Center Wing Time % Phy DF OF
1 Peter Cehlarik Barclay Goodrow 60 1 2 2
2 Nico Sturm Jesper Bratt 40 1 2 2
Penalty Kill 4 Players Defense
Defense Defense Time % Phy DF OF
1 Petteri Lindbohm Rasmus Andersson 60 1 2 2
2 Christian Jaros Brandon Hickey 40 1 2 2
Penalty Kill - 3 Players Forward
Forward Time % Phy DF OF
1 Ryan Spooner 60 1 2 2
2 Barclay Goodrow 40 1 2 2
Penalty Kill - 3 Players Defense
Defense Defense Time % Phy DF OF
1 Petteri Lindbohm Rasmus Andersson 60 1 2 2
2 Christian Jaros Brandon Hickey 40 1 2 2
4 vs 4 Forward
Center Wing Time % Phy DF OF
1 Nico Sturm Jesper Bratt 60 1 2 2
2 Ryan Spooner Evgeny Svechnikov 40 1 2 2
4 vs 4 Defense
Defense Defense Time % Phy DF OF
1 Petteri Lindbohm Rasmus Andersson 60 1 2 2
2 Erik Brannstrom Frank Corrado 40 1 2 2
Last Minutes Offensive
Center Left Wing Right Wing Defense Defense
Nico Sturm Jesper Bratt Evgeny Svechnikov Erik Brannstrom Rasmus Andersson
Last Minutes Defensive
Center Left Wing Right Wing Defense Defense
Nico Sturm Peter Cehlarik Barclay Goodrow Petteri Lindbohm Rasmus Andersson
Goaltenders
Starting : Michael Hutchinson
Backup : Joel Hofer
Extra Forwards
Normal : Jesper Bratt, Peter Cehlarik, Barclay Goodrow - PP : Peter Cehlarik, Eric Karlsson - PK : Peter Cehlarik
Extra Defensemen
Normal : Petteri Lindbohm, Brandon Hickey, Christian Jaros - PP : Frank Corrado - PK : Brandon Hickey, Christian Jaros
Penalty Shots
Jesper Bratt, Evgeny Svechnikov, Peter Cehlarik, Vitali Kravtsov, Ryan Spooner
Custom OT Lines Forwards
Peter Cehlarik, Evgeny Svechnikov, Nico Sturm, Jesper Bratt, Ryan Spooner, Eric Karlsson, Ryan Donato, Taylor Raddysh, Barclay Goodrow, Vitali Kravtsov
Custom OT Lines Defensemen
Rasmus Andersson, Erik Brannstrom, Petteri Lindbohm, Frank Corrado, Brandon Hickey
Scratches
Filip Hallander (Healthy), Dominik Masin (Healthy), Skyler Brind'Amour (Healthy), John Gilmour (Healthy), Darren Raddysh (Healthy)
Tim Berni (Healthy), Ivan Chekhovich (Healthy), Trevor Carrick (Healthy), Radim Zohorna (Healthy), Demetrios Koumontzis (Healthy)
Vitek Vanecek (Healthy), Collin Delia (Healthy)
Comets
5 vs 5 Forward
Center Left Wing Right Wing Time % Phy DF OF
1 Brett Seney Valeri Nichushkin Joonas Donskoi 36 0 2 3
2 Reid Boucher Mason Marchment Conor Garland 28 0 2 3
3 Brett Howden Cristiano Digiacinto Jonny Brodzinski 18 0 2 3
4 Nicolas Roy Eeli Tolvanen Alexandre Texier 18 0 2 3
5 vs 5 Defense
Defense Defense Time % Phy DF OF
1 Ilya Lyubushkin Christian Wolanin 35 1 3 1
2 Jake Bean Wyatt Kalynuk 30 1 3 1
3 Marcus Bjork Vincent Desharnais 25 1 3 1
4 Filip Roos Ilya Lyubushkin 10 1 3 1
PowerPlay Forward
Center Left Wing Right Wing Time % Phy DF OF
1 Brett Seney Valeri Nichushkin Joonas Donskoi 60 0 0 5
2 Reid Boucher Mason Marchment Conor Garland 40 0 0 5
PowerPlay Defense
Defense Defense Time % Phy DF OF
1 Ilya Lyubushkin Christian Wolanin 60 0 2 3
2 Jake Bean Wyatt Kalynuk 40 0 2 3
Penalty Kill 4 Players Forward
Center Wing Time % Phy DF OF
1 Brett Seney Valeri Nichushkin 60 1 3 1
2 Reid Boucher Mason Marchment 40 1 3 1
Penalty Kill 4 Players Defense
Defense Defense Time % Phy DF OF
1 Ilya Lyubushkin Christian Wolanin 60 1 4 0
2 Jake Bean Wyatt Kalynuk 40 1 4 0
Penalty Kill - 3 Players Forward
Forward Time % Phy DF OF
1 Brett Seney 60 1 3 1
2 Reid Boucher 40 1 3 1
Penalty Kill - 3 Players Defense
Defense Defense Time % Phy DF OF
1 Ilya Lyubushkin Christian Wolanin 60 1 4 0
2 Jake Bean Wyatt Kalynuk 40 1 4 0
4 vs 4 Forward
Center Wing Time % Phy DF OF
1 Brett Seney Valeri Nichushkin 60 0 2 3
2 Reid Boucher Mason Marchment 40 0 2 3
4 vs 4 Defense
Defense Defense Time % Phy DF OF
1 Ilya Lyubushkin Christian Wolanin 60 0 3 2
2 Jake Bean Wyatt Kalynuk 40 0 3 2
Last Minutes Offensive
Center Left Wing Right Wing Defense Defense
Brett Seney Valeri Nichushkin Joonas Donskoi Ilya Lyubushkin Christian Wolanin
Last Minutes Defensive
Center Left Wing Right Wing Defense Defense
Brett Seney Valeri Nichushkin Joonas Donskoi Ilya Lyubushkin Christian Wolanin
Goaltenders
Starting : Juuse Saros
Backup : Akira Schmid
Extra Forwards
Normal : Reid Boucher, Jonny Brodzinski, Mason Marchment - PP : Reid Boucher, Jonny Brodzinski - PK : Reid Boucher
Extra Defensemen
Normal : Marcus Bjork, Vincent Desharnais, Filip Roos - PP : Marcus Bjork - PK : Marcus Bjork, Vincent Desharnais
Penalty Shots
Valeri Nichushkin, Joonas Donskoi, Conor Garland, Brett Seney, Reid Boucher
Custom OT Lines Forwards
Valeri Nichushkin, Joonas Donskoi, Conor Garland, Brett Seney, Reid Boucher, Jonny Brodzinski, Mason Marchment, Brett Howden, Alexandre Texier, Cristiano Digiacinto
Custom OT Lines Defensemen
Ilya Lyubushkin, Christian Wolanin, Jake Bean, Wyatt Kalynuk, Marcus Bjork
Scratches
Alan Quine (Healthy), Darren Dietz (Healthy), Tim Gettinger (Healthy), Jordan Binnington (Healthy)
% Time on Ice - Wranglers
Lines # - Real PCT - Wanted PCT - Time Play
Normal Forward
1 - 35% - 40% - 19:39
2 - 30% - 30% - 16:43
3 - 19% - 20% - 11:00
4 - 16% - 10% - 9:14
Normal Defense
1 - 39% - 40% - 22:12
2 - 31% - 30% - 17:45
3 - 20% - 20% - 11:11
4 - 10% - 10% - 5:28
PP Forward
1 - 59% - 60% - 1:10
2 - 41% - 40% - 0:49
PP Defense
1 - 55% - 60% - 1:05
2 - 45% - 40% - 0:54
PK Forward
1 - 100% - 60% - 1:25
2 - 0% - 40% - 0:00
PK Defense
1 - 82% - 60% - 1:10
2 - 18% - 40% - 0:15
PK3 Forward
1 - 0% - 60%
2 - 0% - 40%
PK3 Defense
1 - 0% - 60%
2 - 0% - 40%
44 Forward
1 - 0% - 60%
2 - 0% - 40%
44 Defense
1 - 0% - 60%
2 - 0% - 40%
Last Minute Offensive - 0:00
Last Minute Defensive - 0:00
Total
Forward - 60:00
Defense - 60:00
|
% Time on Ice - Comets
Lines # - Real PCT - Wanted PCT - Time Play
Normal Forward
1 - 34% - 36% - 19:06
2 - 28% - 28% - 15:43
3 - 18% - 18% - 10:25
4 - 20% - 18% - 11:22
Normal Defense
1 - 35% - 35% - 19:38
2 - 31% - 30% - 17:37
3 - 26% - 25% - 14:29
4 - 9% - 10% - 4:52
PP Forward
1 - 46% - 60% - 0:39
2 - 54% - 40% - 0:46
PP Defense
1 - 100% - 60% - 1:25
2 - 0% - 40% - 0:00
PK Forward
1 - 72% - 60% - 1:26
2 - 28% - 40% - 0:33
PK Defense
1 - 76% - 60% - 1:31
2 - 24% - 40% - 0:28
PK3 Forward
1 - 0% - 60%
2 - 0% - 40%
PK3 Defense
1 - 0% - 60%
2 - 0% - 40%
44 Forward
1 - 0% - 60%
2 - 0% - 40%
44 Defense
1 - 0% - 60%
2 - 0% - 40%
Last Minute Offensive - 0:00
Last Minute Defensive - 0:00
Total
Forward - 60:00
Defense - 60:00
|
Play-by-Play
1st period
0:01 of 1st period - Brett Seney wins face-off versus Nico Sturm in neutral zone.
0:26 of 1st period - Rasmus Andersson is hit by Conor Garland and loses puck.
0:52 of 1st period - Wrist shot by Jonny Brodzinski.
0:52 of 1st period - Deflect By Cristiano Digiacinto.
0:52 of 1st period - Shot Misses the Net.
0:52 of 1st period - Puck is out of play.
0:53 of 1st period - Brett Howden wins face-off versus Ryan Donato in Wranglers zone.
0:56 of 1st period - Slapshot by Jake Bean.
0:56 of 1st period - Deflect By Jonny Brodzinski.
0:56 of 1st period - Shot Misses the Net.
0:56 of 1st period - Puck is out of play.
0:57 of 1st period - Ryan Donato wins face-off versus Nicolas Roy in Wranglers zone.
1:05 of 1st period - Icing by Nicolas Roy.
1:06 of 1st period - Nico Sturm wins face-off versus Nicolas Roy in Comets zone.
1:07 of 1st period - Wrist shot by Peter Cehlarik.
1:07 of 1st period - Stopped by Juuse Saros without a rebound.
1:08 of 1st period - Brett Seney wins face-off versus Nico Sturm in Comets zone.
1:17 of 1st period - Snap shot by Evgeny Svechnikov.
1:17 of 1st period - Stopped by Juuse Saros without a rebound.
1:18 of 1st period - Brett Seney wins face-off versus Ryan Spooner in Comets zone.
1:31 of 1st period - Off-side.
1:32 of 1st period - Reid Boucher wins face-off versus Nico Sturm in neutral zone.
2:02 of 1st period - Wrist shot by Eric Karlsson.
2:02 of 1st period - Stopped by Juuse Saros with a rebound.
2:04 of 1st period - Slapshot by Christian Jaros.
2:04 of 1st period - Shot Misses the Net.
2:06 of 1st period - Snap shot by Brandon Hickey.
2:06 of 1st period - Deflect By Taylor Raddysh.
2:06 of 1st period - Stopped by Juuse Saros without a rebound.
2:07 of 1st period - Ryan Spooner wins face-off versus Brett Howden in Comets zone.
2:56 of 1st period - Off-side.
2:57 of 1st period - Reid Boucher wins face-off versus Vladislav Kamenev in neutral zone.
3:49 of 1st period - Slapshot by Brett Seney.
3:49 of 1st period - Shot Misses the Net.
3:51 of 1st period - Wrist shot by Joonas Donskoi.
3:51 of 1st period - Shot Hit the Post.
3:55 of 1st period - Slapshot by Joonas Donskoi.
3:55 of 1st period - Shot Blocked by Peter Cehlarik.
4:43 of 1st period - Slapshot by Taylor Raddysh.
4:43 of 1st period - Stopped by Juuse Saros with a rebound.
5:02 of 1st period - Slapshot by Frank Corrado.
5:02 of 1st period - Deflect By Vitali Kravtsov.
5:02 of 1st period - Shot Misses the Net.
5:02 of 1st period - Puck is out of play.
5:03 of 1st period - Brett Seney wins face-off versus Nico Sturm in Comets zone.
5:14 of 1st period - Snap shot by Brett Seney.
5:14 of 1st period - Stopped by Michael Hutchinson with a rebound.
5:16 of 1st period - Slapshot by Joonas Donskoi.
5:16 of 1st period - Shot Blocked by Evgeny Svechnikov.
5:18 of 1st period - Slapshot by Marcus Bjork.
5:18 of 1st period - Stopped by Michael Hutchinson without a rebound.
5:19 of 1st period - Brett Howden wins face-off versus Ryan Spooner in Wranglers zone.
5:24 of 1st period - Snap shot by Brett Howden.
5:24 of 1st period - Shot Misses the Net.
5:45 of 1st period - Rasmus Andersson is hit by Marcus Bjork and loses puck.
6:04 of 1st period - Frank Corrado is hit by Mason Marchment and loses puck.
6:33 of 1st period - Wrist shot by Alexandre Texier.
6:33 of 1st period - Stopped by Michael Hutchinson without a rebound.
6:34 of 1st period - Brett Seney wins face-off versus Nico Sturm in Wranglers zone.
6:43 of 1st period - Snap shot by Brett Seney.
6:43 of 1st period - Stopped by Michael Hutchinson with a rebound.
7:04 of 1st period - Conor Garland is hit by Barclay Goodrow and loses puck.
7:23 of 1st period - Wrist shot by Alexandre Texier.
7:23 of 1st period - Stopped by Michael Hutchinson without a rebound.
7:24 of 1st period - Peter Cehlarik wins face-off versus Nicolas Roy in Wranglers zone.
7:31 of 1st period - Alexandre Texier is hit by Nico Sturm and loses puck.
8:00 of 1st period - Erik Brannstrom is hit by Valeri Nichushkin and loses puck.
8:39 of 1st period - Wrist shot by Reid Boucher.
8:39 of 1st period - Shot Misses the Net.
8:55 of 1st period - Petteri Lindbohm is hit by Ilya Lyubushkin and loses puck.
9:06 of 1st period - Alexandre Texier is hit by Evgeny Svechnikov and loses puck.
9:43 of 1st period - Backhand shot by Jesper Bratt.
9:43 of 1st period - Goal by Jesper Bratt - Wranglers : 1 - Comets : 0.
9:44 of 1st period - Brett Seney wins face-off versus Nico Sturm in neutral zone.
10:09 of 1st period - Peter Cehlarik is hit by Vincent Desharnais and loses puck.
10:22 of 1st period - Snap shot by Jonny Brodzinski.
10:22 of 1st period - Shot Misses the Net.
10:34 of 1st period - Conor Garland is hit by Frank Corrado and loses puck.
11:33 of 1st period - Brett Howden is hit by Jesper Bratt and loses puck.
13:16 of 1st period - Taylor Raddysh is hit by Ilya Lyubushkin and loses puck.
13:31 of 1st period - Snap shot by Peter Cehlarik.
13:31 of 1st period - Stopped by Juuse Saros without a rebound.
13:32 of 1st period - Nico Sturm wins face-off versus Nicolas Roy in Comets zone.
13:36 of 1st period - Slapshot by Frank Corrado.
13:36 of 1st period - Stopped by Juuse Saros with a rebound.
13:38 of 1st period - Wrist shot by Nico Sturm.
13:38 of 1st period - Shot Blocked by Ilya Lyubushkin.
13:40 of 1st period - Slapshot by Evgeny Svechnikov.
13:40 of 1st period - Shot Misses the Net.
13:42 of 1st period - Wrist shot by Nico Sturm.
13:42 of 1st period - Stopped by Juuse Saros with a rebound.
13:44 of 1st period - Wrist shot by Evgeny Svechnikov.
13:44 of 1st period - Shot Misses the Net.
14:06 of 1st period - Wrist shot by Evgeny Svechnikov.
14:06 of 1st period - Stopped by Juuse Saros without a rebound.
14:07 of 1st period - Ryan Spooner wins face-off versus Brett Seney in Comets zone.
14:08 of 1st period - Snap shot by Barclay Goodrow.
14:08 of 1st period - Stopped by Juuse Saros with a rebound.
14:10 of 1st period - Wrist shot by Frank Corrado.
14:10 of 1st period - Deflect By Jake Bean.
14:10 of 1st period - Goal by Frank Corrado - Wranglers : 2 - Comets : 0.
14:11 of 1st period - Brett Seney wins face-off versus Nico Sturm in neutral zone.
14:20 of 1st period - Wrist shot by Brett Seney.
14:20 of 1st period - Deflect By Valeri Nichushkin.
14:20 of 1st period - Shot Misses the Net.
14:20 of 1st period - Puck is out of play.
14:21 of 1st period - Brett Seney wins face-off versus Nico Sturm in Wranglers zone.
14:26 of 1st period - Wrist shot by Joonas Donskoi.
14:26 of 1st period - Shot Blocked by Nico Sturm.
14:34 of 1st period - Wrist shot by Evgeny Svechnikov.
14:34 of 1st period - Deflect By Peter Cehlarik.
14:34 of 1st period - Shot Blocked by Jake Bean.
14:34 of 1st period - Puck is out of play.
14:35 of 1st period - Mason Marchment wins face-off versus Ryan Spooner in Comets zone.
14:43 of 1st period - Icing by Mason Marchment.
14:44 of 1st period - Reid Boucher wins face-off versus Ryan Spooner in Comets zone.
14:44 of 1st period - Reid Boucher is hit by Barclay Goodrow.
15:20 of 1st period - Snap shot by Ryan Spooner.
15:20 of 1st period - Shot Misses the Net.
15:22 of 1st period - Wrist shot by Ryan Spooner.
15:22 of 1st period - Shot Blocked by Vincent Desharnais.
16:17 of 1st period - Snap shot by Reid Boucher.
16:17 of 1st period - Shot Misses the Net.
16:37 of 1st period - Snap shot by Barclay Goodrow.
16:37 of 1st period - Stopped by Juuse Saros with a rebound.
16:39 of 1st period - Wrist shot by Ryan Spooner.
16:39 of 1st period - Stopped by Juuse Saros with a rebound.
16:49 of 1st period - Slapshot by Ryan Spooner.
16:49 of 1st period - Shot Misses the Net.
16:51 of 1st period - Snap shot by Barclay Goodrow.
16:51 of 1st period - Deflect By Jesper Bratt.
16:51 of 1st period - Shot Misses the Net.
16:51 of 1st period - Puck is out of play.
16:52 of 1st period - Nico Sturm wins face-off versus Brett Seney in Comets zone.
16:53 of 1st period - Snap shot by Evgeny Svechnikov.
16:53 of 1st period - Shot Misses the Net.
16:59 of 1st period - Valeri Nichushkin is hit by Frank Corrado and loses puck.
17:18 of 1st period - Taylor Raddysh is hit by Jonny Brodzinski and loses puck.
17:31 of 1st period - Cristiano Digiacinto is hit by Erik Brannstrom and loses puck.
17:42 of 1st period - Eeli Tolvanen is hit by Rasmus Andersson.
17:50 of 1st period - Snap shot by Vitali Kravtsov.
17:50 of 1st period - Stopped by Juuse Saros with a rebound.
17:52 of 1st period - Slapshot by Christian Jaros.
17:52 of 1st period - Stopped by Juuse Saros with a rebound.
18:02 of 1st period - Valeri Nichushkin is hit by Christian Jaros and loses puck.
18:11 of 1st period - Joonas Donskoi is hit by Peter Cehlarik and loses puck.
18:53 of 1st period - Icing by Wyatt Kalynuk.
18:54 of 1st period - Brett Seney wins face-off versus Vladislav Kamenev in Comets zone.
18:59 of 1st period - Wrist shot by Valeri Nichushkin.
18:59 of 1st period - Goal by Valeri Nichushkin - Wranglers : 2 - Comets : 1.
19:00 of 1st period - Brett Seney wins face-off versus Nico Sturm in neutral zone.
19:07 of 1st period - Slapshot by Brett Seney.
19:07 of 1st period - Goal by Brett Seney - Wranglers : 2 - Comets : 2.
19:08 of 1st period - Nico Sturm wins face-off versus Brett Seney in neutral zone.
19:10 of 1st period - Off-side.
19:11 of 1st period - Brett Seney wins face-off versus Nico Sturm in neutral zone.
19:43 of 1st period - Slapshot by Rasmus Andersson.
19:43 of 1st period - Shot Misses the Net.
19:45 of 1st period - Slapshot by Eric Karlsson.
19:45 of 1st period - Shot Blocked by Brett Howden.
19:47 of 1st period - Slapshot by Rasmus Andersson.
19:47 of 1st period - Shot Misses the Net.
19:59 of 1st period - Slapshot by Reid Boucher.
19:59 of 1st period - Deflect By Mason Marchment.
19:59 of 1st period - Shot Misses the Net.
19:59 of 1st period - Puck is out of play.
Goals for this period are 2 for Wranglers vs 2 for Comets.
Shots for this period are 16 for Wranglers vs 7 for Comets.
2nd period
0:01 of 2nd period - Nico Sturm wins face-off versus Joonas Donskoi in neutral zone.
0:26 of 2nd period - Valeri Nichushkin is hit by Jesper Bratt and loses puck.
0:35 of 2nd period - Snap shot by Valeri Nichushkin.
0:35 of 2nd period - Shot Blocked by Petteri Lindbohm.
1:40 of 2nd period - Jake Bean is hit by Peter Cehlarik and loses puck.
2:10 of 2nd period - Minor Penalty to Ryan Spooner for Holding.
2:11 of 2nd period - Reid Boucher wins face-off versus Peter Cehlarik in Wranglers zone.
2:11 of 2nd period - Slapshot by Mason Marchment.
2:11 of 2nd period - Deflect By Reid Boucher.
2:11 of 2nd period - Stopped by Michael Hutchinson with a rebound.
2:13 of 2nd period - Wrist shot by Conor Garland.
2:13 of 2nd period - Stopped by Michael Hutchinson with a rebound.
2:15 of 2nd period - Snap shot by Ilya Lyubushkin.
2:15 of 2nd period - Stopped by Michael Hutchinson with a rebound.
2:17 of 2nd period - Slapshot by Ilya Lyubushkin.
2:17 of 2nd period - Shot Misses the Net.
2:23 of 2nd period - Wrist shot by Conor Garland.
2:23 of 2nd period - Stopped by Michael Hutchinson with a rebound.
2:25 of 2nd period - Wrist shot by Reid Boucher.
2:25 of 2nd period - Goal by Reid Boucher - Wranglers : 2 - Comets : 3.
2:26 of 2nd period - Nico Sturm wins face-off versus Brett Howden in neutral zone.
2:36 of 2nd period - Off-side.
2:37 of 2nd period - Reid Boucher wins face-off versus Nico Sturm in neutral zone.
3:09 of 2nd period - Snap shot by Peter Cehlarik.
3:09 of 2nd period - Shot Blocked by Ilya Lyubushkin.
3:13 of 2nd period - Wrist shot by Evgeny Svechnikov.
3:13 of 2nd period - Stopped by Juuse Saros with a rebound.
3:15 of 2nd period - Slapshot by Peter Cehlarik.
3:15 of 2nd period - Shot Blocked by Ilya Lyubushkin.
3:19 of 2nd period - Wrist shot by Nico Sturm.
3:19 of 2nd period - Stopped by Juuse Saros without a rebound.
3:20 of 2nd period - Brett Howden wins face-off versus Ryan Spooner in Comets zone.
3:20 of 2nd period - Brett Howden is hit by Ryan Spooner.
3:34 of 2nd period - Wrist shot by Cristiano Digiacinto.
3:34 of 2nd period - Stopped by Michael Hutchinson with a rebound.
3:55 of 2nd period - Snap shot by Conor Garland.
3:55 of 2nd period - Deflect By Reid Boucher.
3:55 of 2nd period - Stopped by Michael Hutchinson with a rebound.
4:46 of 2nd period - Snap shot by Conor Garland.
4:46 of 2nd period - Shot Blocked by Brandon Hickey.
5:30 of 2nd period - Snap shot by Frank Corrado.
5:30 of 2nd period - Stopped by Juuse Saros with a rebound.
6:01 of 2nd period - Petteri Lindbohm is hit by Ilya Lyubushkin and loses puck.
6:12 of 2nd period - Slapshot by Joonas Donskoi.
6:12 of 2nd period - Stopped by Michael Hutchinson with a rebound.
6:14 of 2nd period - Slapshot by Ilya Lyubushkin.
6:14 of 2nd period - Shot Blocked by Rasmus Andersson.
6:16 of 2nd period - Slapshot by Ilya Lyubushkin.
6:16 of 2nd period - Shot Misses the Net.
6:18 of 2nd period - Snap shot by Joonas Donskoi.
6:18 of 2nd period - Shot Misses the Net.
6:22 of 2nd period - Snap shot by Joonas Donskoi.
6:22 of 2nd period - Deflect By Valeri Nichushkin.
6:22 of 2nd period - Shot Blocked by Nico Sturm.
6:22 of 2nd period - Puck is out of play.
6:23 of 2nd period - Ryan Spooner wins face-off versus Reid Boucher in Wranglers zone.
6:23 of 2nd period - Ryan Spooner is hit by Reid Boucher.
6:33 of 2nd period - Snap shot by Ryan Spooner.
6:33 of 2nd period - Shot Blocked by Conor Garland.
6:35 of 2nd period - Snap shot by Ryan Spooner.
6:35 of 2nd period - Stopped by Juuse Saros with a rebound.
6:37 of 2nd period - Slapshot by Christian Jaros.
6:37 of 2nd period - Shot Misses the Net.
6:39 of 2nd period - Snap shot by Brandon Hickey.
6:39 of 2nd period - Stopped by Juuse Saros with a rebound.
7:02 of 2nd period - Eric Karlsson is hit by Jonny Brodzinski and loses puck.
7:23 of 2nd period - Wrist shot by Nicolas Roy.
7:23 of 2nd period - Stopped by Michael Hutchinson without a rebound.
7:24 of 2nd period - Mason Marchment wins face-off versus Nico Sturm in Wranglers zone.
7:38 of 2nd period - Off-side.
7:39 of 2nd period - Brett Seney wins face-off versus Ryan Spooner in neutral zone.
7:43 of 2nd period - Off-side.
7:44 of 2nd period - Ryan Spooner wins face-off versus Brett Seney in neutral zone.
8:17 of 2nd period - Slapshot by Conor Garland.
8:17 of 2nd period - Goal by Conor Garland - Wranglers : 2 - Comets : 4.
8:17 of 2nd period - Joel Hofer enters game.
8:18 of 2nd period - Nico Sturm wins face-off versus Brett Seney in neutral zone.
8:29 of 2nd period - Snap shot by Valeri Nichushkin.
8:29 of 2nd period - Deflect By Joonas Donskoi.
8:29 of 2nd period - Shot Blocked by Frank Corrado.
8:29 of 2nd period - Puck is out of play.
8:30 of 2nd period - Nico Sturm wins face-off versus Reid Boucher in Wranglers zone.
9:27 of 2nd period - Petteri Lindbohm is hit by Joonas Donskoi and loses puck.
9:38 of 2nd period - Wrist shot by Brett Seney.
9:38 of 2nd period - Stopped by Joel Hofer with a rebound.
9:42 of 2nd period - Wrist shot by Brett Seney.
9:42 of 2nd period - Deflect By Joonas Donskoi.
9:42 of 2nd period - Shot Misses the Net.
9:42 of 2nd period - Puck is out of play.
9:43 of 2nd period - Reid Boucher wins face-off versus Nico Sturm in Wranglers zone.
9:44 of 2nd period - Slapshot by Conor Garland.
9:44 of 2nd period - Shot Misses the Net.
10:27 of 2nd period - Wrist shot by Peter Cehlarik.
10:27 of 2nd period - Stopped by Juuse Saros with a rebound.
10:48 of 2nd period - Icing by Eeli Tolvanen.
10:49 of 2nd period - Nicolas Roy wins face-off versus Ryan Spooner in Comets zone.
10:58 of 2nd period - Snap shot by Alexandre Texier.
10:58 of 2nd period - Shot Misses the Net.
11:08 of 2nd period - Eeli Tolvanen is hit by Rasmus Andersson and loses puck.
11:21 of 2nd period - Slapshot by Jonny Brodzinski.
11:21 of 2nd period - Shot Misses the Net.
11:23 of 2nd period - Wrist shot by Jonny Brodzinski.
11:23 of 2nd period - Stopped by Joel Hofer with a rebound.
11:25 of 2nd period - Snap shot by Cristiano Digiacinto.
11:25 of 2nd period - Shot Blocked by Eric Karlsson.
11:27 of 2nd period - Slapshot by Jonny Brodzinski.
11:27 of 2nd period - Shot Misses the Net.
11:29 of 2nd period - Slapshot by Marcus Bjork.
11:29 of 2nd period - Stopped by Joel Hofer with a rebound.
11:52 of 2nd period - Slapshot by Ilya Lyubushkin.
11:52 of 2nd period - Shot Hit the Post.
11:54 of 2nd period - Wrist shot by Ilya Lyubushkin.
11:54 of 2nd period - Deflect By Brett Seney.
11:54 of 2nd period - Shot Blocked by Rasmus Andersson.
11:54 of 2nd period - Puck is out of play.
11:55 of 2nd period - Ryan Spooner wins face-off versus Reid Boucher in Wranglers zone.
11:55 of 2nd period - Ryan Spooner is hit by Conor Garland.
12:02 of 2nd period - Off-side.
12:03 of 2nd period - Ryan Spooner wins face-off versus Reid Boucher in neutral zone.
12:12 of 2nd period - Snap shot by Conor Garland.
12:12 of 2nd period - Stopped by Joel Hofer without a rebound.
12:13 of 2nd period - Brett Seney wins face-off versus Nico Sturm in Wranglers zone.
12:14 of 2nd period - Wrist shot by Joonas Donskoi.
12:14 of 2nd period - Stopped by Joel Hofer with a rebound.
12:16 of 2nd period - Slapshot by Brett Seney.
12:16 of 2nd period - Goal by Brett Seney - Wranglers : 2 - Comets : 5.
12:17 of 2nd period - Nico Sturm wins face-off versus Reid Boucher in neutral zone.
12:26 of 2nd period - Conor Garland is hit by Evgeny Svechnikov and loses puck.
12:33 of 2nd period - Wrist shot by Peter Cehlarik.
12:33 of 2nd period - Stopped by Juuse Saros with a rebound.
12:49 of 2nd period - Snap shot by Barclay Goodrow.
12:49 of 2nd period - Shot Misses the Net.
12:51 of 2nd period - Slapshot by Brandon Hickey.
12:51 of 2nd period - Deflect By Jesper Bratt.
12:51 of 2nd period - Shot Misses the Net.
12:51 of 2nd period - Puck is out of play.
12:52 of 2nd period - Brett Howden wins face-off versus Ryan Spooner in Comets zone.
12:54 of 2nd period - Icing by Jake Bean.
12:55 of 2nd period - Jesper Bratt wins face-off versus Brett Howden in Comets zone.
13:36 of 2nd period - Wrist shot by Barclay Goodrow.
13:36 of 2nd period - Goal by Barclay Goodrow - Wranglers : 3 - Comets : 5.
13:37 of 2nd period - Brett Seney wins face-off versus Nico Sturm in neutral zone.
13:44 of 2nd period - Snap shot by Brett Seney.
13:44 of 2nd period - Deflect By Joonas Donskoi.
13:44 of 2nd period - Shot Blocked by Petteri Lindbohm.
13:44 of 2nd period - Puck is out of play.
13:45 of 2nd period - Evgeny Svechnikov wins face-off versus Brett Seney in Wranglers zone.
13:50 of 2nd period - Snap shot by Joonas Donskoi.
13:50 of 2nd period - Shot Misses the Net.
14:10 of 2nd period - Joonas Donskoi is hit by Peter Cehlarik and loses puck.
14:17 of 2nd period - Wrist shot by Nico Sturm.
14:17 of 2nd period - Shot Misses the Net.
14:43 of 2nd period - Ilya Lyubushkin is hit by Nico Sturm.
14:49 of 2nd period - Wrist shot by Peter Cehlarik.
14:49 of 2nd period - Shot Misses the Net.
14:51 of 2nd period - Slapshot by Petteri Lindbohm.
14:51 of 2nd period - Deflect By Peter Cehlarik.
14:51 of 2nd period - Goal by Peter Cehlarik - Wranglers : 4 - Comets : 5.
14:52 of 2nd period - Ryan Spooner wins face-off versus Brett Howden in neutral zone.
15:42 of 2nd period - Christian Jaros is hit by Vincent Desharnais and loses puck.
17:10 of 2nd period - Wrist shot by Brett Howden.
17:10 of 2nd period - Stopped by Joel Hofer with a rebound.
17:35 of 2nd period - Wrist shot by Brett Howden.
17:35 of 2nd period - Shot Misses the Net.
17:37 of 2nd period - Wrist shot by Jonny Brodzinski.
17:37 of 2nd period - Shot Misses the Net.
17:39 of 2nd period - Snap shot by Cristiano Digiacinto.
17:39 of 2nd period - Stopped by Joel Hofer with a rebound.
17:41 of 2nd period - Slapshot by Ilya Lyubushkin.
17:41 of 2nd period - Stopped by Joel Hofer without a rebound.
17:42 of 2nd period - Reid Boucher wins face-off versus Ryan Donato in Wranglers zone.
17:47 of 2nd period - Slapshot by Reid Boucher.
17:47 of 2nd period - Stopped by Joel Hofer with a rebound.
18:09 of 2nd period - Frank Corrado is hit by Ilya Lyubushkin and loses puck.
18:39 of 2nd period - Snap shot by Alexandre Texier.
18:39 of 2nd period - Shot Misses the Net.
18:53 of 2nd period - Wrist shot by Ryan Spooner.
18:53 of 2nd period - Shot Blocked by Marcus Bjork.
19:39 of 2nd period - Minor Penalty to Ilya Lyubushkin for Tripping.
19:40 of 2nd period - Nico Sturm wins face-off versus Brett Seney in Comets zone.
Goals for this period are 2 for Wranglers vs 3 for Comets.
Shots for this period are 9 for Wranglers vs 20 for Comets.
3rd period
0:01 of 3rd period - Brett Seney wins face-off versus Nico Sturm in neutral zone.
0:45 of 3rd period - Wrist shot by Reid Boucher.
0:45 of 3rd period - Deflect By Mason Marchment.
0:45 of 3rd period - Stopped by Joel Hofer without a rebound.
0:46 of 3rd period - Ryan Spooner wins face-off versus Brett Seney in Wranglers zone.
1:16 of 3rd period - Reid Boucher is hit by Jesper Bratt and loses puck.
1:39 of 3rd period - Penalty to Ilya Lyubushkin is over, Ilya Lyubushkin is back on ice.
1:39 of 3rd period - Jake Bean is hit by Ryan Spooner and loses puck.
1:48 of 3rd period - Wrist shot by Nicolas Roy.
1:48 of 3rd period - Shot Blocked by Frank Corrado.
2:06 of 3rd period - Slapshot by Valeri Nichushkin.
2:06 of 3rd period - Shot Misses the Net.
2:08 of 3rd period - Slapshot by Jake Bean.
2:08 of 3rd period - Stopped by Joel Hofer with a rebound.
2:14 of 3rd period - Snap shot by Nicolas Roy.
2:14 of 3rd period - Shot Misses the Net.
2:16 of 3rd period - Wrist shot by Nicolas Roy.
2:16 of 3rd period - Deflect By Reid Boucher.
2:16 of 3rd period - Goal by Reid Boucher - Wranglers : 4 - Comets : 6.
2:17 of 3rd period - Jonny Brodzinski wins face-off versus Nico Sturm in neutral zone.
2:26 of 3rd period - Minor Penalty to Christian Jaros for Tripping.
2:27 of 3rd period - Peter Cehlarik wins face-off versus Reid Boucher in Wranglers zone.
2:43 of 3rd period - Wrist shot by Reid Boucher.
2:43 of 3rd period - Stopped by Joel Hofer without a rebound.
2:44 of 3rd period - Brett Seney wins face-off versus Peter Cehlarik in Wranglers zone.
2:56 of 3rd period - Icing by Christian Wolanin.
2:57 of 3rd period - Peter Cehlarik wins face-off versus Brett Seney in Comets zone.
3:03 of 3rd period - Off-side.
3:04 of 3rd period - Peter Cehlarik wins face-off versus Joonas Donskoi in neutral zone.
3:36 of 3rd period - Wrist shot by Conor Garland.
3:36 of 3rd period - Goal by Conor Garland - Wranglers : 4 - Comets : 7.
3:37 of 3rd period - Reid Boucher wins face-off versus Nico Sturm in neutral zone.
3:48 of 3rd period - Wrist shot by Conor Garland.
3:48 of 3rd period - Stopped by Joel Hofer without a rebound.
3:49 of 3rd period - Nico Sturm wins face-off versus Reid Boucher in Wranglers zone.
3:56 of 3rd period - Slapshot by Reid Boucher.
3:56 of 3rd period - Shot Misses the Net.
3:58 of 3rd period - Slapshot by Ilya Lyubushkin.
3:58 of 3rd period - Shot Blocked by Peter Cehlarik.
4:20 of 3rd period - Snap shot by Jesper Bratt.
4:20 of 3rd period - Stopped by Juuse Saros without a rebound.
4:21 of 3rd period - Brett Seney wins face-off versus Nico Sturm in Comets zone.
4:34 of 3rd period - Snap shot by Joonas Donskoi.
4:34 of 3rd period - Shot Blocked by Erik Brannstrom.
4:48 of 3rd period - Frank Corrado is hit by Reid Boucher and loses puck.
5:56 of 3rd period - Rasmus Andersson is hit by Valeri Nichushkin and loses puck.
6:21 of 3rd period - Slapshot by Marcus Bjork.
6:21 of 3rd period - Shot Blocked by Rasmus Andersson.
6:37 of 3rd period - Wrist shot by Rasmus Andersson.
6:37 of 3rd period - Stopped by Juuse Saros with a rebound.
6:39 of 3rd period - Slapshot by Vladislav Kamenev.
6:39 of 3rd period - Shot Misses the Net.
6:41 of 3rd period - Slapshot by Vladislav Kamenev.
6:41 of 3rd period - Stopped by Juuse Saros with a rebound.
6:43 of 3rd period - Wrist shot by Vladislav Kamenev.
6:43 of 3rd period - Shot Blocked by Nicolas Roy.
7:13 of 3rd period - Slapshot by Brett Seney.
7:13 of 3rd period - Shot Hit the Post.
7:15 of 3rd period - Slapshot by Joonas Donskoi.
7:15 of 3rd period - Stopped by Joel Hofer without a rebound.
7:16 of 3rd period - Brett Seney wins face-off versus Nico Sturm in Wranglers zone.
7:21 of 3rd period - Wrist shot by Joonas Donskoi.
7:21 of 3rd period - Stopped by Joel Hofer without a rebound.
7:22 of 3rd period - Nico Sturm wins face-off versus Brett Seney in Wranglers zone.
7:53 of 3rd period - Slapshot by Erik Brannstrom.
7:53 of 3rd period - Deflect By Barclay Goodrow.
7:53 of 3rd period - Shot Misses the Net.
7:53 of 3rd period - Puck is out of play.
7:54 of 3rd period - Reid Boucher wins face-off versus Ryan Spooner in Comets zone.
8:01 of 3rd period - Wrist shot by Ryan Spooner.
8:01 of 3rd period - Stopped by Juuse Saros without a rebound.
8:02 of 3rd period - Reid Boucher wins face-off versus Nico Sturm in Comets zone.
8:47 of 3rd period - Wrist shot by Reid Boucher.
8:47 of 3rd period - Shot Misses the Net.
8:49 of 3rd period - Slapshot by Christian Wolanin.
8:49 of 3rd period - Stopped by Joel Hofer without a rebound.
8:50 of 3rd period - Nico Sturm wins face-off versus Brett Seney in Wranglers zone.
9:17 of 3rd period - Wrist shot by Ryan Spooner.
9:17 of 3rd period - Deflect By Barclay Goodrow.
9:17 of 3rd period - Stopped by Juuse Saros with a rebound.
9:19 of 3rd period - Snap shot by Barclay Goodrow.
9:19 of 3rd period - Shot Blocked by Jake Bean.
9:56 of 3rd period - Slapshot by Jake Bean.
9:56 of 3rd period - Shot Misses the Net.
9:58 of 3rd period - Wrist shot by Eeli Tolvanen.
9:58 of 3rd period - Stopped by Joel Hofer with a rebound.
10:44 of 3rd period - Wrist shot by Rasmus Andersson.
10:44 of 3rd period - Deflect By Wyatt Kalynuk.
10:44 of 3rd period - Stopped by Juuse Saros with a rebound.
10:56 of 3rd period - Wrist shot by Alexandre Texier.
10:56 of 3rd period - Stopped by Joel Hofer with a rebound.
10:58 of 3rd period - Wrist shot by Nicolas Roy.
10:58 of 3rd period - Deflect By Alexandre Texier.
10:58 of 3rd period - Shot Blocked by Petteri Lindbohm.
10:58 of 3rd period - Puck is out of play.
10:59 of 3rd period - Brett Seney wins face-off versus Nico Sturm in Wranglers zone.
11:02 of 3rd period - Slapshot by Brett Seney.
11:02 of 3rd period - Stopped by Joel Hofer with a rebound.
11:04 of 3rd period - Slapshot by Ilya Lyubushkin.
11:04 of 3rd period - Shot Blocked by Evgeny Svechnikov.
11:12 of 3rd period - Slapshot by Joonas Donskoi.
11:12 of 3rd period - Shot Blocked by Christian Jaros.
11:14 of 3rd period - Wrist shot by Christian Wolanin.
11:14 of 3rd period - Shot Misses the Net.
11:29 of 3rd period - Icing by Conor Garland.
11:30 of 3rd period - Ryan Spooner wins face-off versus Reid Boucher in Comets zone.
11:31 of 3rd period - Wrist shot by Jesper Bratt.
11:31 of 3rd period - Shot Blocked by Mason Marchment.
11:51 of 3rd period - Slapshot by Reid Boucher.
11:51 of 3rd period - Shot Blocked by Barclay Goodrow.
12:41 of 3rd period - Backhand shot by Conor Garland.
12:41 of 3rd period - Shot Misses the Net.
12:43 of 3rd period - Snap shot by Reid Boucher.
12:43 of 3rd period - Deflect By Conor Garland.
12:43 of 3rd period - Shot Blocked by Erik Brannstrom.
12:43 of 3rd period - Puck is out of play.
12:44 of 3rd period - Brett Seney wins face-off versus Nico Sturm in Wranglers zone.
13:09 of 3rd period - Jonny Brodzinski is hit by Eric Karlsson and loses puck.
13:58 of 3rd period - Cristiano Digiacinto is hit by Peter Cehlarik and loses puck.
15:20 of 3rd period - Nico Sturm is hit by Christian Wolanin.
15:47 of 3rd period - Jesper Bratt is hit by Jonny Brodzinski.
16:30 of 3rd period - Conor Garland is hit by Evgeny Svechnikov and loses puck.
17:10 of 3rd period - Wrist shot by Jesper Bratt.
17:10 of 3rd period - Stopped by Juuse Saros with a rebound.
17:27 of 3rd period - Eeli Tolvanen is hit by Frank Corrado and loses puck.
17:44 of 3rd period - Snap shot by Brett Seney.
17:44 of 3rd period - Deflect By Joonas Donskoi.
17:44 of 3rd period - Shot Misses the Net.
17:44 of 3rd period - Puck is out of play.
17:45 of 3rd period - Brett Seney wins face-off versus Nico Sturm in Wranglers zone.
18:10 of 3rd period - Snap shot by Brett Seney.
18:10 of 3rd period - Shot Misses the Net.
18:12 of 3rd period - Wrist shot by Reid Boucher.
18:12 of 3rd period - Shot Blocked by Petteri Lindbohm.
18:14 of 3rd period - Wrist shot by Conor Garland.
18:14 of 3rd period - Goal by Conor Garland - Wranglers : 4 - Comets : 8.
18:15 of 3rd period - Brett Seney wins face-off versus Nico Sturm in neutral zone.
18:18 of 3rd period - Slapshot by Ilya Lyubushkin.
18:18 of 3rd period - Shot Misses the Net.
18:20 of 3rd period - Slapshot by Ilya Lyubushkin.
18:20 of 3rd period - Deflect By Brett Seney.
18:20 of 3rd period - Goal by Brett Seney - Wranglers : 4 - Comets : 9.
18:21 of 3rd period - Valeri Nichushkin wins face-off versus Nico Sturm in neutral zone.
18:26 of 3rd period - Wrist shot by Brett Seney.
18:26 of 3rd period - Shot Misses the Net.
18:46 of 3rd period - Ryan Spooner is hit by Reid Boucher and loses puck.
18:59 of 3rd period - Jesper Bratt is hit by Ilya Lyubushkin and loses puck.
19:32 of 3rd period - Wrist shot by Peter Cehlarik.
19:32 of 3rd period - Shot Misses the Net.
19:34 of 3rd period - Slapshot by Frank Corrado.
19:34 of 3rd period - Stopped by Juuse Saros without a rebound.
19:35 of 3rd period - Joonas Donskoi wins face-off versus Nico Sturm in Comets zone.
19:50 of 3rd period - Snap shot by Evgeny Svechnikov.
19:50 of 3rd period - Stopped by Juuse Saros without a rebound.
19:51 of 3rd period - Ryan Spooner wins face-off versus Reid Boucher in Comets zone.
19:52 of 3rd period - Wrist shot by Erik Brannstrom.
19:52 of 3rd period - Shot Blocked by Ilya Lyubushkin.
Goals for this period are 0 for Wranglers vs 4 for Comets.
Shots for this period are 9 for Wranglers vs 14 for Comets.